 Dungeon Crawl Stone Soup version 0.31-a0-233-g139696dc86 (webtiles) character file.

Game seed: 16831194572202715328

56 qw the Shooter (level 3, -1/29 HPs)
             Began as a Minotaur Hexslinger on July 8, 2023.
             Killed by nerve-wracking pain
             ... invoked by Jessica
              (8 damage)
             ... on level 2 of the Dungeon.
             The game lasted 00:00:28 (1430 turns).

qw the Shooter (Minotaur Hexslinger)                Turns: 1430, Time: 00:00:28

Health: -1/29      AC:  5    Str: 12    XL:     3   Next: 69%
Magic:  3/3        EV: 11    Int: 10    God:
Gold:   108        SH:  0    Dex: 14    Spells: 3/4 levels left

rFire   . . .        Y - +1 sling
rCold   . . .        (no shield)
rNeg    . . .        i - +0 ring mail
rPois   .            (helmet restricted)
rElec   .            (no cloak)
rCorr   .            (no gloves)
SInv    .            (no boots)
Will    .....        (no amulet)
Stlth   +            (no ring)
HPRegen 0.24/turn    (no ring)
MPRegen 0.08/turn

%: no passive effects
@: no status effects
A: horns 2, retaliatory headbutt
a: no special abilities


You were on level 2 of the Dungeon.
You visited 1 branch of the dungeon, and saw 2 of its levels.

You collected 108 gold pieces.


Innate Abilities, Weirdness & Mutations

You have a pair of horns on your head.
You reflexively headbutt those who attack you in melee.


   Skills:
 - Level 2.0 Fighting
 - Level 4.1 Ranged Weapons
 + Level 0.6 Armour
 - Level 2.1 Dodging
 - Level 1.0 Spellcasting
 - Level 2.0 Hexes


You had 3 spell levels left.
You knew the following spells:

 Your Spells              Type           Power      Damage    Failure   Level
a - Slow                  Hex            16%        N/A       34%         1

Your spell library contained the following spells:

 Spells                   Type           Power      Damage    Failure   Level
 Inner Flame              Hex/Fire       2%         N/A       83%         3
 Portal Projectile        Hex/Tloc       4%         N/A       83%         3
 Cause Fear               Hex            2%         N/A       98%         4

Inventory:

Hand Weapons
 Y - a +1 sling (weapon)
Armour
 a - a +0 cloak
 i - a +0 ring mail (worn)
Scrolls
 b - a scroll of identify {unknown}
Potions
 c - a potion of haste {unknown}
 e - a potion of curing
 f - a potion of magic {unknown}
 g - a potion of attraction {unknown}

Dungeon Overview and Level Annotations

Branches:
Dungeon (2/15)

Altars:

Annotations:
D:2 Jessica


Message History

The sling bullet barely misses the quokka.
The sling bullet barely misses Jessica.
The quokka bites you but does no damage.
The quokka closely misses you.
You shoot a sling bullet. The sling bullet hits the quokka.
You kill the quokka!
You feel yourself speed up. Jessica hits you with a +0 club.
You shoot a sling bullet. The sling bullet hits Jessica.
Jessica is lightly wounded.
Jessica hits you with a +0 club. Jessica hits you but does no damage.
You shoot a sling bullet. The sling bullet barely misses Jessica.
Jessica points at you and mumbles some strange words.
You barely resist. You shoot a sling bullet.
The sling bullet completely misses Jessica.
Jessica hits you with a +0 club.
You shoot a sling bullet. The sling bullet hits Jessica.
Jessica is heavily wounded.
Jessica closely misses you. You furiously retaliate!
You headbutt Jessica. Jessica hits you with a +0 club.
You shoot a sling bullet. The sling bullet barely misses Jessica.
Jessica gestures at you while chanting. Pain shoots through your body!
You shoot a sling bullet.
The sling bullet hits Jessica but does no damage.
Jessica is almost dead.
Jessica barely misses you.
You shoot a sling bullet. The sling bullet barely misses Jessica.
Jessica casts a spell at you. Pain shoots through your body!
Jessica barely misses you.
You shoot a sling bullet. The sling bullet barely misses Jessica.
Jessica grins evilly.
Jessica hits you with a +0 club.
You shoot a sling bullet.
The sling bullet closely misses Jessica.
Jessica misses you.
Jessica points at you and mumbles some strange words.
Pain shoots through your body!
You die...

#........#
##.......##
.......#.##
##....%....##
##...........##
#....#####....#
#...# ...##...#
#...#.....#...#
#.@@.....#..##
#..#.....#..#
#..##...##..#
##..#####..##
##.......##
##.....##
#######


You could see Jessica.

Vanquished Creatures
  An adder (D:2)
  2 ball pythons (D:1)
  3 bats (D:1)
  7 endoplasms
  A giant cockroach (D:1)
  3 goblins
  2 hobgoblins (D:1)
  7 jackals (D:1)
  5 quokkas
  2 frilled lizards (D:2)
  4 kobolds (D:1)
  2 rats (D:2)
39 creatures vanquished.

Notes
Turn   | Place    | Note
-------+----------+-------------------------------------------
     0 | D:1      | qw the Minotaur Hexslinger began the quest for the Orb.
     0 | D:1      | Reached XP level 1. HP: 16/16 MP: 1/1
     0 | D:1      | 0 ||| qw: Version: 0.3-a-46-gb1f654a
     0 | D:1      | 0 ||| qw: Game counter: 3697
     0 | D:1      | 0 ||| qw: Melee chars always use a shield: true
     0 | D:1      | 0 ||| qw: God list: Okawaru
     0 | D:1      | 0 ||| qw: Allow faded altars: false
     0 | D:1      | 0 ||| qw: Do Orc after clearing Dungeon:15 true
     0 | D:1      | 0 ||| qw: Do second Lair branch before Depths: true
     0 | D:1      | 0 ||| qw: Lair rune preference: random
     0 | D:1      | 0 ||| qw: Goals: Normal
     0 | D:1      | 0 ||| PLANNING D:1-11
   559 | D:1      | Reached skill level 3 in Ranged Weapons
   559 | D:1      | Reached XP level 2. HP: 23/23 MP: 2/2
   634 | D:1      | Found a faded altar of an unknown god.
   901 | D:1      | Reached XP level 3. HP: 22/29 MP: 3/3
   902 | D:1      | 902 ||| FLEEEEING.
  1110 | D:1      | 1110 ||| UPGRADING to +0 ring mail.
  1120 | D:1      | 1120 ||| DROPPING +0 robe.
  1121 | D:1      | 1121 ||| DROPPING ring of magical power.
  1122 | D:1      | 1122 ||| READING scroll labelled ZUIFUM HIMN.
  1123 | D:1      | 1123 ||| DRINKING 2 sapphire potions.
  1124 | D:1      | 1124 ||| DROPPING scroll of poison.
  1269 | D:2      | Reached skill level 4 in Ranged Weapons
  1411 | D:2      | Noticed Jessica
  1429 | D:2      | HP: 6/29 [Jessica/+0 club (2)]
  1430 | D:2      | Killed from afar by Jessica

Levels and vault maps discovered:
D:1:      erik_arrival_orb_chamber, layout_basic,
          chequers_ecumenical_altar_simple, item_on_display_a
D:2:      layout_loops_cross, hangedman_abyss_or_decor_stabs,
          minmay_misc_feat_cross, minivault_27, kennysheep_jessica_study

Skill      XL: |  1  2  3 |
---------------+----------+-----
Ranged Weapons | 3 4 |  4.1
Fighting       | 2 |  2.0
Armour         | |  0.6
Dodging        | |  2.1
Spellcasting   | |  1.0
Hexes          | |  2.0

Action                     || total
---------------------------++-------
   Fire: Sling             ||   118
    Use: Scroll            ||     1
         Potion            ||     1
 Armour: Robe              ||     7
         Ring mail         ||     7
  Dodge: Dodged            ||    41

Table legend:
 A = Non-vault XP
 B = Vault XP
 C = Vault XP percentage of total XP
 D = Non-vault monster count
 E = Vault monster count
 F = Vault count percentage of total count
                 A         B        C        D         E       F
            +---------+---------+-------+---------+---------+-------
      Total |      78 |       2 |   2.5 |      38 |       1 |   2.6
            +---------+---------+-------+---------+---------+-------
        D:1 |      53 |       0 |   0.0 |      29 |       0 |   0.0
        D:2 |      25 |       2 |   7.4 |       9 |       1 |  10.0
            +---------+---------+-------+---------+---------+-------
